 Dungeon Crawl Stone Soup version 0.24-a0-545-gd1b266bae6 (webtiles) character file.

Game seed: 5798241965133004821

67 Gargoyl the Skirmisher (level 3, 0/31 HPs)
             Began as a Centaur Abyssal Knight on Aug 18, 2019.
             Was a Follower of Lugonu.
             Succumbed to an adder's poison
             ... on level 2 of the Dungeon.
             The game lasted 00:03:11 (1631 turns).

Gargoyl the Skirmisher (Centaur Abyssal Knight)     Turns: 1631, Time: 00:03:11

Health: 0/31       AC:  8    Str: 17    XL:     3   Next: 98%
Magic:  4/4        EV:  3    Int: 11    God:    Lugonu [*.....]
Gold:   94         SH:  0    Dex:  9    Spells: 2/2 levels left

rFire    . . .     SeeInvis .   a - +2 hand axe
rCold    + . .     Gourm    .   (no shield)
rNeg     . . .     Faith    .   e - +0 plate armour
rPois    .         Spirit   .   (no helmet)
rElec    .         Reflect  .   (no cloak)
rCorr    .         Harm     .   (no gloves)
MR       .....                  (no barding)
Stlth    ..........             (no amulet)
HPRegen  0.10/turn              d - +3 ring of strength
MPRegen  0.09/turn              i - ring of protection from cold

@: lethally poisoned (0 -> -9), very slightly contaminated, hasted, invisible,
very quick
A: large, hooves 3, deformed body, speed 2, tough skin 3
a: Depart the Abyss, Renounce Religion


You were on level 2 of the Dungeon.
You worshipped Lugonu.
Lugonu was aware of your devotion.
You were not hungry.

You visited 1 branch of the dungeon, and saw 2 of its levels.
You visited the Abyss 1 time.

You collected 94 gold pieces.

Inventory:

Hand Weapons
 a - a +2 hand axe (weapon)
Armour
 e - a +0 plate armour (worn)
Jewellery
 d - a +3 ring of strength (left hand)
 i - a ring of protection from cold (right hand)
Scrolls
 b - a scroll of teleportation
 f - a scroll of identify
Potions
 h - a potion of haste
Comestibles
 c - 3 rations


   Skills:
 + Level 3.5 Fighting
 + Level 2.2 Axes
 * Level 2.0 Armour
 * Level 1.2 Dodging
 * Level 2.4 Invocations


You had 2 spell levels left.
You didn't know any spells.
Your spell library was empty.

Dungeon Overview and Level Annotations

Branches:
Dungeon (2/15)

Altars:
Kikubaaqudgha


Innate Abilities, Weirdness & Mutations

You have hooves in place of feet.
Armour fits poorly on your strangely shaped body.
You cover ground very quickly.
You have extremely tough skin. (AC +3)


Message History

* * * LOW HITPOINT WARNING * * *
Found 13 stones.
* * * LOW HITPOINT WARNING * * *
You feel sick. The bat hits you but does no damage.
Found a scroll labeled HYPEZO BUPN.
* * * LOW HITPOINT WARNING * * *
You feel sick. The bat hits you.
* * * LOW HITPOINT WARNING * * *
Found 14 bolts.
* * * LOW HITPOINT WARNING * * *
You feel sick.
Okay, then.
The bat hits you but does no damage.
You see here 13 stones.
* * * LOW HITPOINT WARNING * * *
You feel sick. The bat hits you but does no damage.
* * * LOW HITPOINT WARNING * * *
You feel sick. The bat hits you but does no damage.
You die...

..#...###.....###...#.
.....#..#.....#..#....
....#...#.....#...#...
#......#.#...#.#......##
#.....#...#.#...#......
#..........(.......... #
...†..########.###..# #
####### #b###.##### #
#..@....... # ###########.#
# ##.######## #..(.......
#########..........
#########...............###
#.........####..#..........
#.######### #..#..####.###
#.# #..#..# #.#


You could see a bat.

Vanquished Creatures
  Robin (D:2)
  2 adders (D:2)
  A dart slug (D:1)
  2 leopard geckos (D:1)
  A bat zombie (D:2)
  4 giant cockroaches (D:1)
  5 hobgoblins
  2 kobolds (D:1)
  4 bats
  A frilled lizard (D:1)
  7 goblins
  3 rats (D:1)
33 creatures vanquished.

Notes
Turn   | Place    | Note
-------+----------+-------------------------------------------
     0 | Abyss:1  | Gargoyl the Centaur Abyssal Knight began the quest for the
                  | Orb.
     0 | Abyss:1  | Reached XP level 1. HP: 19/19 MP: 2/2
   150 | Abyss:1  | Noticed a demonic crawler
   205 | Abyss:1  | Noticed an ancient zyme
   219 | Abyss:2  | Noticed a quasit
   232 | Abyss:2  | Noticed an ice beast
   245 | D:1      | Escaped the Abyss
   871 | D:1      | Reached * piety under Lugonu
   871 | D:1      | Reached XP level 2. HP: 24/26 MP: 3/3
   925 | D:1      | Reached skill level 1 in Dodging
  1149 | D:2      | Noticed Robin
  1155 | D:2      | Reached XP level 3. HP: 23/31 MP: 4/4
  1159 | D:2      | Killed Robin
  1553 | D:2      | Found an ancient bone altar of Kikubaaqudgha.
  1628 | D:2      | HP: 1/31 [poisoned by an adder]
  1631 | D:2      | Succumbed to an adder's poison

Levels and vault maps discovered:
D:1:      dpeg_arrival_windows_large_door, layout_loops_cross
D:2:      layout_loops_ring, lemuel_zombie_altar_kikubaaqudgha,
          minmay_splitting_lines, uniq_robin

Skill      XL: |  1  2  3 |
---------------+----------+-----
Dodging        | 1 |  1.2
Axes           | 2 |  2.2
Armour         | 2 |  2.0
Fighting       | |  3.5
Invocations    | |  2.4

Action                   || total
-------------------------++-------
Melee: Hand axe          ||    79
       Kick              ||    10
Invok: Depart the Abyss  ||     1
  Use: Scroll            ||     5
       Potion            ||     2
  Eat: Chunk             ||     1
Armor: Plate armour      ||    68
       Leather armour    ||     1
Dodge: Dodged            ||    16

Table legend:
 A = Non-vault XP
 B = Vault XP
 C = Vault XP percentage of total XP
 D = Non-vault monster count
 E = Vault monster count
 F = Vault count percentage of total count
                 A         B        C        D         E       F
            +---------+---------+-------+---------+---------+-------
      Total |      66 |      30 |  31.2 |      24 |       9 |  27.3
            +---------+---------+-------+---------+---------+-------
        D:1 |      36 |       0 |   0.0 |      20 |       0 |   0.0
        D:2 |      30 |      30 |  50.0 |       4 |       9 |  69.2
            +---------+---------+-------+---------+---------+-------
